 Dungeon Crawl Stone Soup version 0.19.5 (webtiles) character file.

33182 Ponchio the Arsonist (level 13, -7/76 HPs)
             Began as a Deep Elf Conjurer on Mar 3, 2017.
             Was a High Priest of Vehumet.
             Mangled by a blink frog (12 damage)
             ... on level 4 of the Lair of Beasts on Mar 5, 2017.
             The game lasted 02:49:05 (20252 turns).

Ponchio the Arsonist (Deep Elf Conjurer)           Turns: 20252, Time: 02:49:07

Health: -7/76      AC:  3    Str:  5    XL:     13   Next: 35%
Magic:  31/31      EV: 19    Int: 26    God:    Vehumet [*****.]
Gold:   599        SH:  0    Dex: 15    Spells: 4 memorised, 22 levels left

rFire  + + +     SeeInvis .     G - staff of fire
rCold  + . .     Gourm    .     a - +0 animal skin {rC+}
rNeg   . . .     Faith    .     (no shield)
rPois  +         Spirit   .     W - +0 hat
rElec  .         Reflect  .     (no cloak)
rCorr  .         Harm     .     d - +0 pair of gloves
MR     +....                    (no boots)
Stlth  ++........               (no amulet)
                                o - ring of poison resistance
                                E - ring of protection from fire

@: no status effects
A: fire resistance 1, sturdy frame 1
a: Renounce Religion


You were on level 4 of the Lair of Beasts.
You worshipped Vehumet.
Vehumet was extremely pleased with you.
You were hungry.

You visited 3 branches of the dungeon, and saw 15 of its levels.
You also visited: Sewer and Ice Cave.

You collected 983 gold pieces.
You spent 384 gold pieces at shops.

Inventory:

Hand Weapons
 r - the +7 great sword of Gysamny {venom, rF- Int+2 Dex+8}
   (You found it on level 2 of the Lair of Beasts)

   It poisons the flesh of those it strikes.
   It affects your intelligence (+2).
   It affects your dexterity (+8).
   It makes you vulnerable to fire.
 B - the +10 quarterstaff of the Puffin {crush, rElec Str+3}
   (You found it in an ice cave)

   It inflicts extra damage upon your enemies.
   It affects your strength (+3).
   It insulates you from electricity.
 J - the +12 mace "Ushry" {crush, rC+ Int+2 Stlth-}
   (You bought it in a shop on level 7 of the Dungeon)

   It inflicts extra damage upon your enemies.
   It affects your intelligence (+2).
   It protects you from cold.
   It makes you less stealthy.
 L - the +6 hand axe of Karma {flame, MR++ Str+3 Dex-5 Stlth+}
   (You bought it in a shop on level 7 of the Dungeon)

   It has been specially enchanted to burn those struck by it, causing extra
   injury to most foes and up to half again as much damage against particularly
   susceptible opponents.
   Big, fiery blades are also staple armaments of hydra-hunters.
   It affects your strength (+3).
   It affects your dexterity (-5).
   It affects your resistance to hostile enchantments.
   It makes you more stealthy.
Armour
 a - a +0 animal skin of cold resistance (worn)
 d - a +0 pair of gloves (worn)
 s - a +0 robe
 W - a +0 hat (worn)
Magical Staves
 G - an uncursed staff of fire (weapon)
 U - an uncursed staff of wizardry
 V - an uncursed staff of cold
 Y - an uncursed staff of energy
Jewellery
 o - a ring of poison resistance (right hand)
 t - an uncursed ring of resist corrosion
 w - an uncursed ring of protection from cold
 E - a ring of protection from fire (left hand)
 H - an uncursed ring of wizardry
 I - a +3 ring of strength
 K - an uncursed ring of flight
 O - an uncursed ring of ice
 X - the ring "Pawor" {Ice *Corrode +Blink rN+ SInv}
   (You found it in an ice cave)

   [ring of ice]

   It enhances your ice magic.
   It makes you vulnerable to fire.
   It protects you from cold.
   It protects you from negative energy.
   It lets you see invisible.
   It lets you blink.
   It may corrode you when you take damage.
Wands
 k - a wand of slowing (17/48)
 m - a wand of random effects (21/48)
 N - a wand of confusion (25/48)
 S - a wand of teleportation (2/9)
Scrolls
 f - a scroll of fog
 j - 4 scrolls of teleportation
 l - 12 scrolls of remove curse
 y - a scroll of enchant weapon
 A - 2 scrolls of blinking
 C - 2 scrolls of recharging
Potions
 e - 6 potions of curing
 g - 3 potions of haste
 i - 2 potions of brilliance
 n - 5 potions of agility
 p - 3 potions of cancellation
 q - 2 potions of flight
 u - 2 potions of ambrosia {unknown}
 x - 4 potions of degeneration {unknown}
 z - 3 potions of might
 D - 2 potions of lignification {unknown}
 F - 4 potions of heal wounds
 M - a potion of magic {unknown}
 P - a potion of mutation {unknown}
Books
 b - a book of Conjurations

   Spells                             Type                      Level
   a - Magic Dart                     Conjuration                  1
   b - Searing Ray                    Conjuration                  2
   c - Dazzling Spray                 Conjuration/Hexes            3
   d - Fulminant Prism                Conjuration/Hexes            4
   e - Iskenderun's Mystic Blast      Conjuration                  4
   f - Iskenderun's Battlesphere      Conjuration/Charms           5
 Q - a book of Geomancy

   Spells                             Type                      Level
   a - Sandblast                      Earth                        1
   b - Passwall                       Transmutation/Earth          2
   c - Stone Arrow                    Conjuration/Earth            3
   d - Petrify                        Transmutation/Earth          4
   e - Lee's Rapid Deconstruction     Earth                        5
 R - a book of Misfortune

   Spells                             Type                      Level
   a - Confusing Touch                Hexes                        1
   b - Confuse                        Hexes                        3
   c - Gell's Gravitas                Hexes/Translocation          3
   d - Petrify                        Transmutation/Earth          4
   e - Metabolic Englaciation         Hexes/Ice                    5
   f - Yara's Violent Unravelling     Hexes/Transmutation          5
Comestibles
 c - 5 bread rations
 h - 4 meat rations
 v - 6 fruits
 T - 9 royal jellies


   Skills:
 - Level 7.3 Fighting
 - Level 10.0 Dodging
 - Level 2.4 Stealth
 + Level 12.3 Spellcasting
 + Level 11.6 Conjurations
 - Level 4.8 Hexes
 - Level 9.2 Charms
 * Level 13.1 Fire Magic


You had 22 spell levels left.
You knew the following spells:

 Your Spells              Type           Power        Failure   Level  Hunger
a - Magic Dart            Conj           ####         1%          1    None
b - Dazzling Spray        Conj/Hex       ######       1%          3    None
c - Iskenderun's Battles  Conj/Chrm      ######..     1%          5    ###....
d - Fireball              Conj/Fire      #######...   1%          5    ###....


Dungeon Overview and Level Annotations

Branches:
Dungeon (10/15)            Temple (1/1) D:5            Lair (4/6) D:10
  Swamp (0/4) Lair:3        Snake (0/4) Lair:2
    Orc: D:9-12

Altars:
Ashenzari
Cheibriados
Dithmenos
Elyvilon
Fedhas
Gozag
Hepliaklqana
Kikubaaqudgha
Makhleb
Nemelex Xobeh
Okawaru
Qazlal
Ru
Sif Muna
Trog
Uskayaw
Vehumet
Xom
Yredelemnul
Zin
The Shining One

Shops:
D:7 (


Innate Abilities, Weirdness & Mutations

Your flesh is heat resistant. (rF+)
Your movements are slightly less encumbered by armour. (ER -2)


Message History

There is a stone staircase leading down here.
You climb downwards.
The blink frog blinks!
The meliai invokes the aid of its god against you.
Something smites you!
The six-headed hydra closely misses you.
The six-headed hydra barely misses you.
The six-headed hydra bites you but does no damage.
The six-headed hydra bites you!!
The six-headed hydra closely misses you.
The six-headed hydra bites you! The blink frog closely misses you.
The blink frog blinks!
The six-headed hydra completely misses you.
The six-headed hydra bites you! The six-headed hydra bites you.
The six-headed hydra bites you!
* * * LOW HITPOINT WARNING * * *
The six-headed hydra completely misses you.
The six-headed hydra bites you.
* * * LOW HITPOINT WARNING * * *
The blink frog hits you!
You die...

******+,,**,,** **,,,,,,,,,,,≈≈
*,,****** *,*,,+,***,,,≈≈ *...*,*
##**,,##*,,,,≈≈ **...#*
#.##+#.###..,,≈ ###..####
#.F..†?.H†§.,≈≈ #
##.#...#.####.......§...≈≈≈ ####
#.....>##.8.##.D.....(..≈≈≈ ...#
#......#.F§.H#..........≈≈≈ ..##
#...F...8.@.8.F.........≈≈≈
...####......#...D.#F.........≈≈≈
...##.+......y#...##.§........**≈
.............###+.##..........***
..+..##.....##...............#,*
..#####....##...8÷.....#.+.##***
..#* #...............###...,**
##.# ##+##..8..>..8....,#..,,*
*## #####..÷..........##..#,,***


You could see a six-headed hydra, a hippogriff, 4 blink frogs and a meliai.

Vanquished Creatures
  A frost giant (IceCv)
  Nessos (Lair:4)
  2 hydras (Lair:3)
  4 death yaks
  An unseen horror (D:10)
  A hill giant (D:10)
  3 elephants (Lair:2)
  An ice statue (IceCv)
  7 spiny frogs
  A centaur skeleton (D:10)
  A torpor snail (Lair:4)
  A rime drake (IceCv)
  4 komodo dragons
  A troll (D:9)
  14 polar bears
  Prince Ribbit (D:5)
  A two-headed ogre (D:10)
  7 blink frogs (Lair:4)
  3 hippogriffs
  Sigmund (D:4)
  49 yaks
  A wyvern (D:9)
  2 basilisks
  2 nagas (Lair:2)
  2 hell hounds (Lair:2)
  3 water moccasins
  4 porcupines
  3 sky beasts
  8 ice beasts
  A black bear (Lair:3)
  2 phantoms
  5 ogres
  2 centaurs
  17 wolves
  6 crocodiles
  A big kobold (D:9)
  13 bullfrogs
  2 scorpions (D:8)
  9 killer bees
  8 wights
  2 howler monkeys (D:4)
  2 electric eels (D:8)
  2 crimson imps
  2 bullfrog zombies
  A centaur zombie (D:10)
  A quasit (D:10)
  2 bullfrog skeletons
  4 orc priests
  3 jellies (D:9)
  5 hounds
  A gnoll shaman (D:5)
  An iguana (D:4)
  6 orc wizards
  A hell rat (D:7)
  6 worker ants
  A killer bee simulacrum (D:8)
  10 gnolls
  12 adders
  7 river rats
  18 white imps
  A worker ant simulacrum (D:8)
  2 ufetubi (D:8)
  8 oozes
  3 worms
  4 dart slugs
  12 leopard geckos
  23 orcs
  2 ball pythons
  3 giant cockroaches
  5 goblins
  13 hobgoblins
  14 jackals
  6 quokkas
  20 bats
  8 frilled lizards
  2 gnoll zombies (D:4)
  8 kobolds
  A quokka skeleton (D:6)
  34 rats
452 creatures vanquished.

Vanquished Creatures (others)
  4 polar bears (IceCv)
  21 fungi
  2 plants
27 creatures vanquished.

Grand Total: 479 creatures vanquished

Notes
Turn   | Place    | Note
-------+----------+-------------------------------------------
     0 | D:1      | Ponchio the Deep Elf Conjurer began the quest for the Orb.
     0 | D:1      | Reached XP level 1. HP: 10/10 MP: 6/6
   223 | D:1      | Reached XP level 2. HP: 15/15 MP: 0/8
   651 | D:1      | Reached skill level 5 in Conjurations
   784 | D:2      | Reached XP level 3. HP: 19/19 MP: 7/10
   969 | D:2      | Learned a level 3 spell: Dazzling Spray
  1082 | D:2      | Reached skill level 1 in Hexes
  1212 | D:2      | Reached XP level 4. HP: 24/24 MP: 8/12
  1631 | D:2      | Found an iron altar of Okawaru.
  1854 | D:3      | Reached XP level 5. HP: 28/28 MP: 0/13
  1962 | D:3      | Found a glowing drain.
  1990 | Sewer    | Entered a sewer
  2218 | Sewer    | Learned a level 5 spell: Iskenderun's Battlesphere
  2350 | Sewer    | Reached skill level 1 in Charms
  2885 | D:3      | Found a hide-covered altar of Uskayaw.
  2888 | D:3      | Noticed a hand axe
  2889 | D:3      | Noticed a dagger
  3191 | D:4      | Noticed Sigmund
  3201 | D:4      | Killed Sigmund
  3201 | D:4      | Reached skill level 5 in Charms
  3201 | D:4      | Reached XP level 6. HP: 22/32 MP: 1/14
  3903 | D:4      | Reached skill level 5 in Spellcasting
  4067 | D:4      | Reached XP level 7. HP: 36/36 MP: 8/16
  4301 | D:4      | Found a basalt altar of Yredelemnul.
  4938 | D:5      | Entered Level 5 of the Dungeon
  5024 | D:5      | Noticed Prince Ribbit
  5044 | D:5      | Killed Prince Ribbit
  5154 | D:5      | Reached XP level 8. HP: 41/41 MP: 2/20
  5496 | D:5      | Found a staircase to the Ecumenical Temple.
  5530 | Temple   | Entered the Ecumenical Temple
  5570 | Temple   | Became a worshipper of Vehumet
  5806 | D:5      | Gained mutation: Your movements are slightly less encumbered by armour. (ER -2) [mutagenic meat]
  5807 | D:5      | Gained mutation: Your spells are a little easier to cast, but a little less powerful. [mutagenic meat]
  5808 | D:5      | Gained mutation: Your flesh is heat resistant. (rF+) [mutagenic meat]
  5809 | D:5      | Lost mutation: Your spells are a little easier to cast, but a little less powerful. [mutagenic meat]
  6318 | D:6      | Found a shadowy altar of Dithmenos.
  6791 | D:6      | Reached * piety under Vehumet
  6791 | D:6      | Offered knowledge of Shock by Vehumet.
  7029 | D:7      | Found Taebug's Antique Weapon Emporium.
  7124 | D:7      | Reached XP level 9. HP: 45/45 MP: 5/23
  7671 | D:7      | Offered knowledge of Flame Tongue by Vehumet.
  7672 | D:7      | Reached ** piety under Vehumet
  8191 | D:8      | Noticed a polar bear
  8202 | D:8      | Killed a polar bear
  8325 | D:8      | Offered knowledge of Ignite Poison by Vehumet.
  8474 | D:8      | Reached skill level 5 in Dodging
  8737 | D:8      | Reached *** piety under Vehumet
  8970 | D:8      | Found a snail-covered altar of Cheibriados.
  8977 | D:8      | Offered knowledge of Inner Flame by Vehumet.
  8984 | D:8      | Reached XP level 10. HP: 40/50 MP: 7/25
  9383 | D:7      | Bought a steaming mace for 192 gold pieces
  9383 | D:7      | Bought a pitted hand axe for 192 gold pieces
  9383 | D:7      | Identified the +12 mace "Ushry" {crush, rC+ Int+2 Stlth-} (You bought it in a shop on level 7 of the Dungeon)
  9384 | D:7      | Identified the +6 hand axe of Karma {flame, MR++ Str+3 Dex-5 Stlth+} (You bought it in a shop on level 7 of the Dungeon)
  9778 | D:9      | Reached skill level 10 in Dodging
  9963 | D:9      | Reached skill level 1 in Fighting
 10379 | D:9      | Reached **** piety under Vehumet
 10562 | D:9      | Offered knowledge of Force Lance by Vehumet.
 10938 | D:10     | Entered Level 10 of the Dungeon
 11029 | D:10     | Noticed a hill giant
 11177 | D:9      | Reached skill level 5 in Fighting
 11371 | D:10     | Killed a hill giant
 11926 | D:10     | Found a staircase to the Lair.
 11951 | D:10     | Reached XP level 11. HP: 66/66 MP: 15/26
 12276 | D:10     | Reached ***** piety under Vehumet
 12276 | D:10     | Offered knowledge of Fireball by Vehumet.
 12284 | D:10     | Learned a level 5 spell: Fireball
 12296 | D:10     | Killed an unseen horror
 12296 | D:10     | Reached skill level 2 in Fire Magic
 12497 | D:10     | Reached skill level 3 in Fire Magic
 12570 | D:10     | Reached skill level 4 in Fire Magic
 12573 | D:10     | Reached skill level 5 in Fire Magic
 12754 | Lair:1   | Entered Level 1 of the Lair of Beasts
 12967 | D:10     | Reached skill level 6 in Fire Magic
 13921 | Lair:2   | Reached skill level 7 in Fire Magic
 14191 | Lair:2   | Reached skill level 8 in Fire Magic
 14434 | Lair:2   | Got an ivory great sword
 14435 | Lair:2   | Identified the +7 great sword of Gysamny {venom, rF- Int+2 Dex+8} (You found it on level 2 of the Lair of Beasts)
 14478 | Lair:2   | Reached skill level 9 in Fire Magic
 14579 | Lair:2   | Found a dark tunnel.
 14685 | Lair:2   | Found a staircase to the Snake Pit.
 15439 | Lair:3   | Reached skill level 10 in Fire Magic
 15497 | Lair:3   | Noticed a six-headed hydra
 15499 | Lair:3   | Killed a six-headed hydra
 15499 | Lair:3   | Reached XP level 12. HP: 72/72 MP: 9/27
 15692 | Lair:3   | Noticed a five-headed hydra
 16318 | Lair:3   | Killed a five-headed hydra
 16318 | Lair:3   | Reached skill level 11 in Fire Magic
 16458 | Lair:3   | Noticed a death yak
 16459 | Lair:3   | Noticed a death yak
 16462 | Lair:3   | Noticed a death yak
 16463 | Lair:3   | Killed a death yak
 16463 | Lair:3   | Reached skill level 10 in Spellcasting
 16464 | Lair:3   | Killed a death yak
 16464 | Lair:3   | Reached skill level 10 in Conjurations
 16608 | Lair:3   | Killed a death yak
 16717 | Lair:3   | Found a staircase to the Swamp.
 17245 | Lair:4   | Noticed Nessos
 17251 | Lair:4   | Killed Nessos
 17381 | Lair:4   | Found a frozen archway.
 17434 | IceCv    | Entered an ice cave
 17600 | IceCv    | Got an ancient quarterstaff
 17601 | IceCv    | Identified the +10 quarterstaff of the Puffin {crush, rElec Str+3} (You found it in an ice cave)
 17710 | IceCv    | Reached skill level 12 in Fire Magic
 18606 | IceCv    | Reached XP level 13. HP: 76/76 MP: 23/30
 18699 | IceCv    | Noticed a frost giant
 18726 | IceCv    | Killed a frost giant
 19505 | IceCv    | Got a coiled silver ring
 19543 | IceCv    | Identified the ring "Pawor" {Ice *Corrode +Blink rN+ SInv} (You found it in an ice cave)
 19920 | Lair:4   | Reached skill level 13 in Fire Magic
 20252 | Lair:4   | Mangled by a blink frog

Skill      XL: |  1  2  3  4  5  6  7  8  9 10 11 12 13 |
---------------+----------------------------------------+-----
Conjurations   | 5 6 8 9 11 | 11.6
Spellcasting   | 4 5 6 8 9 11 12 | 12.3
Hexes          | 1 4 |  4.8
Charms         | 5 6 8 9 |  9.2
Dodging        | 9 10 | 10.0
Fighting       | 6 7 |  7.3
Fire Magic     | 10 12 13 | 13.1
Stealth        | |  2.4

Action                   |  1- 3 |  4- 6 |  7- 9 | 10-12 | 13-15 || total
-------------------------+-------+-------+-------+-------+-------++-------
Melee: Short sword       |    14 |       |       |       |       ||    14
       Dagger            |       |    35 |     4 |       |       ||    39
       Mace              |       |       |       |    12 |       ||    12
 Cast: Magic Dart        |    75 |   119 |   217 |   179 |    23 ||   613
       Dazzling Spray    |       |    18 |    40 |   120 |    16 ||   194
       Iskenderun's Batt |       |       |    38 |    86 |    14 ||   138
       Fireball          |       |       |       |    82 |    22 ||   104
  Use: Scroll            |     6 |     5 |     4 |    10 |     2 ||    27
       Potion            |       |       |     1 |       |     4 ||     5
 Stab: Invisible         |       |     1 |     1 |       |       ||     2
  Eat: Chunk             |     1 |    10 |    22 |    43 |     6 ||    82
       Beef jerky        |       |       |     2 |     1 |       ||     3
       Pizza             |       |       |     1 |     2 |       ||     3
       Royal jelly       |       |       |       |     2 |       ||     2
       Fruit             |       |       |       |     1 |     2 ||     3
Armor: Robe              |     2 |    11 |     4 |     2 |       ||    19
       Animal skin       |       |       |       |       |     1 ||     1
Dodge: Dodged            |    17 |    48 |    20 |    96 |    12 ||   193
